AoeStats
← Buback

Arena

503859941Analyzed
3v3 RM · 1mo ago on Sep 2, 2026· 12m 20s· 6 players
Game mode
Random Map
Map size
Normal (6 player)
Population
200
Speed
Normal
Resources
Standard
Victory
Conquest
Starting age
Dark Age
Ending age
Imperial Age
RankedLock teamsTeams togetherTeam positionsShared explorationLock speedFull tech treeHidden civsTurbo modeCheats
Victory
Defeat
🇦🇷 Britons · Argentina
1097
+17
🇦🇷 Sicilians · Argentina
1047
+19
🇦🇷 Cumans · Argentina
1018
+20
🇦🇷 Romans · Argentina
1152
-20
🇦🇷 Britons · Argentina
1152
-20
🇦🇷 Spanish · Argentina
1024
-15
Spaceboy
7:53 Loom
9:41 Feudal Age
Buback
10:29 Feudal Age
10:02 Loom
facundomcilano
11:26 Feudal Age
balgarv
11:28 Feudal Age
rstizza
11:54 Feudal Age
MAVERICK
13:08 Feudal Age
11:24 Loom
Connection lost

Rejoining the realm…

Still unreachable

The connection could not be restored.

Session expired

The server has moved on; the page needs a fresh start.